 Dungeon Crawl Stone Soup version 0.24-a0-417-g1cce26a4d2 (webtiles) character file.

Game seed: 3012453819179974393

14476 HAL9000 the Slicer (level 12, -4/54 HPs)
             Began as a Vine Stalker Assassin on June 9, 2019.
             Was a Follower of Uskayaw.
             Engulfed by an ice dragon's freezing vapour (14 damage)
             ... on level 3 of the Lair of Beasts on June 10, 2019.
             The game lasted 00:27:07 (11627 turns).

HAL9000 the Slicer (Vine Stalker Assassin)         Turns: 11627, Time: 00:27:08

Health: -4/54      AC: 11    Str: 15    XL:     12   Next: 16%
Magic:  0/24       EV: 11    Int: 14    God:    Uskayaw [*.....]
Gold:   539        SH:  6    Dex: 17    Spells: 14/19 levels left

rFire    . . .     SeeInvis .   r - +4 short sword (drain)
rCold    . . .     Gourm    .   M - +0 buckler
rNeg     . . .     Faith    .   z - +4 moon troll leather armour {Spirit, Regen++ MP+5}
rPois    .         Spirit   +   (no helmet)
rElec    .         Reflect  .   s - +2 cloak
rCorr    .         Harm     .   (no gloves)
MR       +....                  (no boots)
Stlth    ++........             P - amulet of magic regeneration
HPRegen  1.78/turn              h - ring of flight
MPRegen  0.44/turn              (no ring)

@: about to teleport, very slow
A: fangs 3, regeneration 2, magic shield, antimagic bite, no potion heal 3, rot
immunity
a: Stomp, Renounce Religion, Evoke Flight


You were on level 3 of the Lair of Beasts.
You worshipped Uskayaw.
Uskayaw was aware of your devotion.
You were not hungry.

You visited 3 branches of the dungeon, and saw 12 of its levels.
You also visited: Ossuary, Bailey and Ice Cave.

You collected 782 gold pieces.
You spent 243 gold pieces at shops.

Inventory:

Hand Weapons
 r - a +4 short sword of draining (weapon)
Missiles
 b - 6 boomerangs
 d - 42 poisoned darts
 u - 4 throwing nets
 v - 6 curare-tipped darts (quivered)
 y - 5 atropa-tipped darts
Armour
 a - a +0 crystal plate armour
 k - the +4 ring mail "Cinkush" {Dex+3}
   (You bought it in a shop on level 7 of the Dungeon)

   It affects your dexterity (+3).
 s - a +2 cloak (worn)
 z - the +4 moon troll leather armour (worn) {Spirit, Regen++ MP+5}
   (You took it off a gnoll shaman in a bailey)

   It affects your magic capacity (+5).
   It increases your rate of regeneration.
 M - a +0 buckler (worn)
Jewellery
 h - a ring of flight (left hand)
 P - an amulet of magic regeneration (around neck)
Wands
 e - a wand of iceblast (7)
 t - a wand of acid (6)
 w - a wand of flame (7)
 N - a wand of polymorph (6)
 S - a wand of digging (7)
Scrolls
 c - 3 scrolls of fear {unknown}
 g - 11 scrolls of teleportation
 i - 2 scrolls of random uselessness {unknown}
 j - 2 scrolls of immolation {unknown}
 l - 2 scrolls of blinking {unknown}
 m - 4 scrolls of enchant armour
 q - a scroll of identify
 x - 3 scrolls of enchant weapon
 A - 2 scrolls of fog
 B - a scroll of magic mapping
 E - 4 scrolls of remove curse
 F - 2 scrolls of summoning {unknown}
 H - 2 scrolls of amnesia {unknown}
 I - a scroll of torment {unknown}
 R - a scroll of holy word {unknown}
Potions
 n - 3 potions of might
 o - a potion of invisibility
 p - 7 potions of curing
 C - 2 potions of flight
 D - 3 potions of brilliance
 G - 2 potions of ambrosia
 J - a potion of lignification
 L - a potion of haste
 O - a potion of cancellation
Miscellaneous
 Q - a phantom mirror
Comestibles
 f - 32 rations


   Skills:
 - Level 1.7 Fighting
 - Level 12.0 Short Blades
 - Level 1.7 Throwing
 - Level 0.7 Dodging
 - Level 10.0 Stealth
 - Level 5.0 Shields
 - Level 4.3 Spellcasting
 + Level 3.5 Translocations
 + Level 3.5 Air Magic
 - Level 8.9 Invocations


You had 14 spell levels left.
You knew the following spells:

 Your Spells              Type           Power        Failure   Level  Hunger
a - Blink                 Tloc           N/A          9%          2    ##.....
b - Mephitic Cloud        Conj/Pois/Air  #.......     38%         3    ###....

Your spell library contained the following spells:

 Spells                   Type           Power        Failure   Level  Hunger
 Flame Tongue             Conj/Fire      #....        24%         1    None
 Magic Dart               Conj           #...         24%         1    None
 Call Imp                 Summ           #.......     34%         2    ##.....
 Slow                     Hex            #.......     34%         2    ##.....
 Throw Flame              Conj/Fire      #.....       34%         2    ##.....
 Conjure Flame            Conj/Fire      #.......     56%         3    ###....
 Inner Flame              Hex/Fire       #.......     56%         3    ###....
 Sticky Flame             Conj/Fire      #.......     93%         4    ####...
 Fireball                 Conj/Fire      #.........   100%        5    ######.


Dungeon Overview and Level Annotations

Branches:
Dungeon (8/15)             Temple (1/1) D:5            Lair (3/6) D:8
  Swamp (0/4) Lair:2
  Snake: Lair:2-4    Spider: Lair:2-4

Altars:
Ashenzari
Cheibriados
Dithmenos
Elyvilon
Fedhas
Gozag
Hepliaklqana
Kikubaaqudgha
Makhleb
Nemelex Xobeh
Okawaru
Qazlal
Ru
Sif Muna
Trog
Uskayaw
Vehumet
Wu Jian
Xom
Yredelemnul
Zin
The Shining One

Shops:
D:7 [   D:8 %

Annotations:
D:4 2 transporters
D:6 1 runed translucent door, PentaManta's ghost, novice GrFi


Innate Abilities, Weirdness & Mutations

You have razor-sharp teeth.
You heal very quickly.
When hurt, damage is shared between your health and your magic reserves.
Your bite disrupts and absorbs the magic of your enemies.
Potions cannot restore your health.
You are immune to rotting.


Message History

An ice dragon is nearby!
You enter the shallow water.
Moving in this stuff is going to be slow.
The ice dragon roars deafeningly!
An electric eel comes into view.
The ice dragon breathes frost at you. The blast of cold hits you!!!
An electric eel comes into view.
Found a scroll of teleportation and 45 gold pieces.
As you read the scroll of teleportation, it crumbles to dust.
You feel strangely unstable.
You are engulfed in freezing vapours.
* * * LOW HITPOINT WARNING * * *
The electric eel shoots out a bolt of lightning at you!
The bolt of electricity hits you!
* * * LOW HITPOINT WARNING * * *
The electric eel shoots out a bolt of lightning at you!
The bolt of electricity misses you.
As you read the scroll of fog, it crumbles to dust.
The scroll dissolves into smoke.
You are engulfed in freezing vapours.
You die...

.....# #.##
.....# #..#
.....#
##..##
.....#
##....##
.....#
#......#
.....#
#......##
.....#
##....§§.#
.....#
#.....§§§#
.....#
#....§§@§#
.....#
#....§§°§§#
.....#
#≈..≈§≈°≈§#
.....#
#≈≈≈≈≈≈.≈≈#
.....#
≈≈≈≈≈≈.D.##
##.###
≈≈≈≈≈≈...#
###
≈;≈≈≈$$..#
≈≈≈≈;$$?.#


You could see an ice dragon and an electric eel.

Vanquished Creatures
  A hydra (D:8)
  A two-headed ogre (D:8)
  An ugly thing (Lair:1)
  A komodo dragon (Lair:2)
  3 spiny frogs
  A rime drake (Lair:3)
  Grinder (D:3)
  Prince Ribbit (D:7)
  2 hippogriffs (Lair:1)
  3 blink frogs (Lair:3)
  2 dream sheep (D:8)
  Sigmund (D:3)
  A wyvern (D:8)
  22 yaks
  4 water moccasins
  2 porcupines
  14 ice beasts
  A sky beast (D:5)
  A black bear (D:7)
  3 ogres
  2 phantoms
  6 crocodiles
  3 big kobolds (D:8)
  6 bullfrogs
  8 gnoll sergeants (Bailey)
  5 water moccasin zombies (Ossuary)
  A water moccasin skeleton (D:7)
  2 scorpions
  6 killer bees
  4 wights (D:8)
  4 crimson imps
  3 jellies
  4 hounds
  6 gnoll shamans (Bailey)
  Crazy Yiuf (D:3)
  2 orc wizards
  2 bullfrog skeletons
  4 iguanas
  Ijyb (D:3)
  2 worker ants
  Natasha (thrice) (D:2)
  5 big kobold zombies (Ossuary)
  2 hound zombies
  A hound skeleton (D:4)
  2 mummies (Ossuary)
  A howler monkey zombie (D:6)
  14 gnolls (Bailey)
  18 adders
  2 oozes
  5 adder zombies
  An adder skeleton (D:4)
  A worm (D:2)
  2 dart slugs
  4 leopard geckos
  13 orcs
  7 giant cockroaches
  A gnoll zombie (Ossuary)
  9 goblins
  11 hobgoblins
  12 jackals
  3 quokkas
  3 ball pythons
  12 bats
  8 frilled lizards
  5 hobgoblin zombies (Ossuary)
  A jackal skeleton (D:4)
  6 kobolds
  5 kobold zombies (Ossuary)
  A leopard gecko skeleton (D:5)
  A leopard gecko zombie (D:8)
  2 orc zombies (Ossuary)
  A quokka zombie (D:7)
  8 rats
  2 toadstools (D:1)
310 creatures vanquished.

Vanquished Creatures (others)
  2 toadstools (D:1)
2 creatures vanquished.

Grand Total: 312 creatures vanquished

Notes
Turn   | Place    | Note
-------+----------+-------------------------------------------
     0 | D:1      | HAL9000 the Vine Stalker Assassin began the quest for the
                  | Orb.
     0 | D:1      | Reached XP level 1. HP: 11/11 MP: 2/2
    49 | D:1      | Reached skill level 2 in Short Blades
   229 | D:1      | Reached XP level 2. HP: 14/15 MP: 3/3
   491 | D:1      | Reached skill level 3 in Short Blades
   499 | D:1      | Reached XP level 3. HP: 18/18 MP: 4/4
  1143 | D:2      | Gained mutation: Your natural rate of healing is unusually
                  | fast. [Vine Stalker growth]
  1143 | D:2      | Reached XP level 4. HP: 9/23 MP: 2/5
  1200 | D:2      | Reached skill level 4 in Short Blades
  1365 | D:2      | Noticed Natasha
  1377 | D:2      | Killed Natasha
  1418 | D:2      | Noticed Natasha
  1427 | D:2      | Killed Natasha
  1427 | D:2      | Reached XP level 5. HP: 9/26 MP: 2/6
  1781 | D:2      | Noticed Natasha
  1801 | D:2      | Killed Natasha
  1801 | D:2      | Reached skill level 5 in Short Blades
  2069 | D:3      | Reached XP level 6. HP: 10/30 MP: 2/7
  2305 | D:3      | Found a runed translucent door.
  2306 | D:3      | Noticed Crazy Yiuf
  2347 | D:3      | Killed Crazy Yiuf
  2388 | D:3      | Noticed Ijyb
  2424 | D:3      | Killed Ijyb
  2641 | D:3      | Found a glowing silver altar of Zin.
  2789 | D:3      | Reached skill level 6 in Short Blades
  2953 | D:3      | Noticed Grinder
  2960 | D:3      | Noticed Sigmund
  2995 | D:3      | Paralysed by Grinder for 4 turns
  2999 | D:3      | Killed Grinder
  2999 | D:3      | Reached skill level 7 in Short Blades
  2999 | D:3      | Reached XP level 7. HP: 23/34 MP: 5/8
  3053 | D:3      | Killed Sigmund
  3147 | D:3      | Found a faded altar of an unknown god.
  3253 | D:4      | Found a transporter.
  3306 | D:4      | Reached skill level 8 in Short Blades
  3368 | D:4      | Gained mutation: You have razor-sharp teeth. [Vine Stalker
                  | growth]
  3368 | D:4      | Reached XP level 8. HP: 28/38 MP: 9/9
  3382 | D:4      | Found a transporter.
  4086 | D:5      | Entered Level 5 of the Dungeon
  4087 | D:5      | Upgraded the game from 0.24-a0-416-g56ce5178b7 to
                  | 0.24-a0-417-g1cce26a4d2
  4197 | D:5      | Reached skill level 9 in Short Blades
  4275 | D:5      | Found a deep blue altar of Sif Muna.
  4348 | D:5      | Found a staircase to the Ecumenical Temple.
  4362 | Temple   | Entered the Ecumenical Temple
  4427 | Temple   | Became a worshipper of Uskayaw the Reveler
  4647 | D:5      | Reached * piety under Uskayaw
  4804 | D:6      | Found a runed translucent door.
  4804 | D:6      | Noticed PentaManta's ghost (novice GrFi)
  4896 | D:6      | Found a shadowy altar of Dithmenos.
  4905 | D:6      | Reached ** piety under Uskayaw
  5014 | D:6      | Reached skill level 10 in Short Blades
  5128 | D:6      | Reached *** piety under Uskayaw
  5129 | D:6      | Reached XP level 9. HP: 32/42 MP: 10/10
  5132 | D:6      | Reached **** piety under Uskayaw
  5319 | D:6      | Found a sand-covered staircase.
  5343 | Ossuary  | Entered an ossuary
  5493 | Ossuary  | Reached skill level 11 in Short Blades
  5524 | Ossuary  | Reached ***** piety under Uskayaw
  6130 | D:7      | Found an ancient bone altar of Kikubaaqudgha.
  6188 | D:7      | Found a hazy altar of Hepliaklqana.
  6276 | D:6      | HP: 2/42 [poisoned by a killer bee]
  6281 | D:6      | HP: 1/42 [poisoned by a killer bee]
  6286 | D:6      | HP: 1/42 [poisoned by a killer bee]
  6291 | D:6      | HP: 2/42 [poisoned by a killer bee]
  6522 | D:7      | Found a sparkling altar of Nemelex Xobeh.
  6522 | D:7      | Found a radiant altar of Vehumet.
  6531 | D:7      | Noticed Prince Ribbit
  6550 | D:7      | Killed Prince Ribbit
  6550 | D:7      | Reached skill level 12 in Short Blades
  6723 | D:7      | Reached skill level 5 in Stealth
  7237 | D:7      | Found Nothre Rets's Antique Armour Shoppe.
  7251 | D:7      | Bought an encrusted ring mail for 243 gold pieces
  7262 | D:7      | Identified the +4 ring mail "Cinkush" {Dex+3} (You bought
                  | it in a shop on level 7 of the Dungeon)
  7345 | D:8      | Reached XP level 10. HP: 43/46 MP: 11/11
  7426 | D:8      | Found Ytiota's Food Shoppe.
  7430 | D:8      | Noticed a two-headed ogre
  7477 | D:8      | Killed a two-headed ogre
  7523 | D:8      | Found a staircase to the Lair.
  7632 | D:8      | Found a flagged portal.
  7644 | Bailey   | Entered a bailey
  7670 | Bailey   | Reached skill level 1 in Invocations
  8199 | Bailey   | Identified the +5 scale mail of Liew {rElec rC- Int+2}
  8624 | D:8      | Found a shimmering altar of Xom.
  8773 | D:8      | Reached skill level 5 in Invocations
  8825 | D:8      | Noticed a three-headed hydra
  8829 | D:8      | Killed a three-headed hydra
  8829 | D:8      | Reached XP level 11. HP: 50/50 MP: 17/17
  8944 | Lair:1   | Entered Level 1 of the Lair of Beasts
  8982 | Lair:1   | Reached skill level 1 in Spellcasting
  8996 | Lair:1   | Learned a level 2 spell: Blink
  9000 | Lair:1   | Learned a level 3 spell: Mephitic Cloud
  9120 | Lair:1   | Reached ****** piety under Uskayaw
  9287 | Lair:1   | Found a frozen archway.
  9340 | IceCv    | Entered an ice cave
  9340 | IceCv    | Noticed a white ugly thing
  9372 | Lair:1   | Killed a white ugly thing
  9423 | Lair:1   | Reached skill level 1 in Shields
  9776 | Lair:1   | Found a hazy altar of Hepliaklqana.
 10154 | Lair:2   | Reached skill level 5 in Shields
 10179 | Lair:2   | Reached skill level 10 in Stealth
 10205 | Lair:2   | Found a staircase to the Swamp.
 10847 | Lair:3   | Reached skill level 1 in Translocations
 10847 | Lair:3   | Reached skill level 1 in Air Magic
 10849 | Lair:3   | Gained mutation: You heal very quickly. [Vine Stalker
                  | growth]
 10849 | Lair:3   | Reached XP level 12. HP: 54/54 MP: 19/19
 11624 | Lair:3   | Noticed an ice dragon
 11627 | Lair:3   | Engulfed by an ice dragon's freezing vapour

Levels and vault maps discovered:
D:1:      ldierk_water_garden, layout_loops_ring
D:2:      layout_loops_ring, kennysheep_generic_room_14, uniq_natasha
D:3:      layout_basic, zin_statuary, chequers_ecumenical_altar_simple,
          first_ration, uniq_crazy_yiuf_cottage, uniq_ijyb, uniq_grinder,
          uniq_sigmund
D:4:      gammafunk_steamed_eel, layout_loops_ring
D:5:      layout_basic, minmay_temple_entry_trees, basic_altar
D:6:      layout_loops_ring, nicolae_dithmenos_shadow_blocks,
          nicolae_ossuary_entry_ruins, ebering_ghost_reflecting_pool
D:7:      layout_basic, nicolae_overflow_hidden_temple, kennysheep_mini_moat,
          gammafunk_temple_overflow_wave, serial_shops, shop_fountains,
          uniq_prince_ribbit1
D:8:      layout_basic, lair_entry_dummy, serial_shops, nicolae_shop_waterfront,
          enter_bailey_2, hangedman_ranch [blue_anna_fruit_fields], tgw_xom
Temple:   nicolae_temple_x_marks_the_god
Lair:1:   layout_cave_pods, portal_ice_cave_entry_ice_beasts, basic_altar
Lair:2:   layout_chaotic_city, swamp_mist_pool, grunt_megastairs_4
Lair:3:   dragon1_lemuel, layout_regular_city, lemuel_fruit_tree

Skill      XL: |  1  2  3  4  5  6  7  8  9 10 11 12 |
---------------+-------------------------------------+-----
Short Blades   | 2 3 4 5 7 8 10 12 | 12.0
Stealth        | 6 9 10 | 10.0
Invocations    | 7 8 |  8.9
Spellcasting   | 4 |  4.3
Shields        | 5 |  5.0
Translocations | 1 3 |  3.5
Air Magic      | 1 3 |  3.5
Fighting       | |  1.7
Throwing       | |  1.7
Dodging        | |  0.7

Action                   |  1- 3 |  4- 6 |  7- 9 | 10-12 || total
-------------------------+-------+-------+-------+-------++-------
Melee: Dagger            |    98 |   158 |       |       ||   256
       Bite              |    22 |    52 |   144 |   140 ||   358
       Short sword       |       |    19 |   461 |   439 ||   919
Throw: Dart              |       |     3 |     3 |     7 ||    13
       Throwing net      |       |       |       |     1 ||     1
Evoke: Wand              |       |     8 |       |       ||     8
  Use: Scroll            |       |       |    11 |     9 ||    20
       Potion            |       |       |       |     2 ||     2
 Stab: Sleeping          |    11 |    11 |    21 |    16 ||    59
       Paralysed         |       |       |     8 |    21 ||    29
       Invisible         |       |       |       |     3 ||     3
       Held in net/web   |       |       |       |     1 ||     1
       Distracted        |       |       |       |     1 ||     1
  Eat: Chunk             |     1 |     5 |    11 |    13 ||    30
       Ration            |       |       |     1 |       ||     1
Armor: Robe              |    20 |    42 |     8 |       ||    70
       Leather armour    |       |       |    42 |       ||    42
       Ring mail         |       |       |     3 |    33 ||    36
       Troll leather arm |       |       |       |    59 ||    59
Dodge: Dodged            |    48 |    74 |   112 |   125 ||   359
Block: Buckler           |       |       |       |    16 ||    16

Table legend:
 A = Non-vault XP
 B = Vault XP
 C = Vault XP percentage of total XP
 D = Non-vault monster count
 E = Vault monster count
 F = Vault count percentage of total count
                 A         B        C        D         E       F
            +---------+---------+-------+---------+---------+-------
      Total |   13321 |    7359 |  35.6 |     216 |      92 |  29.9
            +---------+---------+-------+---------+---------+-------
        D:1 |      48 |       0 |   0.0 |      27 |       0 |   0.0
        D:2 |     188 |      35 |  15.7 |      24 |       1 |   4.0
        D:3 |     116 |     570 |  83.1 |      27 |       4 |  12.9
        D:4 |     451 |       0 |   0.0 |      22 |       0 |   0.0
        D:5 |     541 |       0 |   0.0 |      15 |       0 |   0.0
        D:6 |     726 |       0 |   0.0 |      16 |       0 |   0.0
        D:7 |     922 |     268 |  22.5 |      20 |       1 |   4.8
        D:8 |    1840 |    2198 |  54.4 |      22 |      14 |  38.9
     Lair:1 |    5242 |    1838 |  26.0 |      27 |      11 |  28.9
     Lair:2 |     323 |     536 |  62.4 |       3 |       2 |  40.0
     Lair:3 |    2924 |       0 |   0.0 |      13 |       0 |   0.0
    Ossuary |       0 |     578 | 100.0 |       0 |      28 | 100.0
     Bailey |       0 |    1203 | 100.0 |       0 |      30 | 100.0
      IceCv |       0 |     133 | 100.0 |       0 |       1 | 100.0
            +---------+---------+-------+---------+---------+-------
